 Dungeon Crawl Stone Soup version 0.32-a0-909-gc671339a80 (webtiles) character file.

Game seed: 3156744405301722875

6934 Rohain the Thaumaturge (level 11, -7/127 HPs)
             Began as a Gnoll Warper on Apr 6, 2024.
             Was an Elder of Okawaru.
             Mangled by a merfolk
             ... wielding a +0 trident
              (18 damage)
             ... on level 7 of the Dungeon.
             The game lasted 00:19:16 (8634 turns).

Rohain the Thaumaturge (Gnoll Warper)               Turns: 8634, Time: 00:19:17

Health: -7/127     AC: 25    Str: 13    XL:     11   Next: 7%
Magic:  0/23       EV:  2    Int: 15    God:    Okawaru [****..]
Gold:   628        SH:  0    Dex: 17    Spells: 16/26 levels left

rFire   . . .        f - +3 dagger (venom)
rCold   . . .        (no shield)
rNeg    . . .        s - melded +2 scale mail {Will+}
rPois   +            (helmet currently unavailable)
rElec   .            b - melded +0 cloak "Poeplal" {rPois Str+2 Stlth-}
rCorr   .            k - melded +0 pair of gloves
SInv    .            g - melded +0 pair of boots
Will    .....        r - amulet of guardian spirit
Stlth   +++          n - +6 ring of dexterity
HPRegen 0.41/turn    C - +5 ring of evasion
MPRegen 0.18/turn

%: guardian spirit
@: tree-form
A: stationary, stasis, torment immunity, boosted hp, (fangs 1), strong nose,
distributed training, subdued magic 1
a: Renounce Religion, Heroism, Finesse


You were on level 7 of the Dungeon.
You worshipped Okawaru.
Okawaru was greatly pleased with you.
You were a tree.
You visited 2 branches of the dungeon, and saw 9 of its levels.
You also visited: Bailey.

You collected 628 gold pieces.

Inventory:

Hand Weapons
 f - a +3 dagger of venom (weapon)
 y - a +0 heavy orcbow
Missiles
 d - 5 darts of dispersal (quivered)
 x - 11 poisoned darts
 z - a throwing net
Armour
 b - the +0 cloak "Poeplal" (melded) {rPois Str+2 Stlth-}
   (You found it in a bailey)

   Str+2:     It affects your strength (+2).
   rPois:     It protects you from poison.
   Stlth-:    It makes you less stealthy.
 e - +0 steam dragon scales
 g - a +0 pair of boots (melded)
 k - a +0 pair of gloves (melded)
 m - a +0 cloak
 s - a +2 scale mail of willpower (melded)
Jewellery
 n - a +6 ring of dexterity (left branch)
 r - an amulet of guardian spirit (around neck)
 u - a +6 ring of dexterity
 C - a +5 ring of evasion (right branch)
 D - a ring of ice
Wands
 a - a wand of warping (13)
 t - a wand of flame (20)
 B - a wand of digging (5)
 G - a wand of light (4)
Scrolls
 c - a scroll of blinking
 h - a scroll of identify
 l - a scroll of vulnerability
 o - a scroll of immolation
 v - 2 scrolls of noise
Potions
 i - a potion of attraction
 j - a potion of cancellation
 q - a potion of mutation
 E - 3 potions of ambrosia {unknown}


   Skills:
 + Level 7.7 Fighting
 + Level 6.1 Short Blades
 + Level 7.7 Long Blades
 + Level 6.1 Axes
 + Level 6.1 Maces & Flails
 + Level 6.1 Polearms
 + Level 6.1 Staves
 + Level 6.1 Ranged Weapons
 + Level 6.7 Throwing
 + Level 6.7 Armour
 + Level 7.7 Dodging
 + Level 6.1 Stealth
 + Level 6.1 Shields
 + Level 6.1 Unarmed Combat
 + Level 8.0 Spellcasting
 + Level 5.1 Conjurations
 + Level 5.1 Hexes
 + Level 5.1 Summonings
 + Level 5.1 Necromancy
 + Level 7.5 Translocations
 + Level 5.1 Fire Magic
 + Level 5.1 Ice Magic
 + Level 5.1 Air Magic
 + Level 5.1 Earth Magic
 + Level 5.1 Alchemy
 + Level 6.7 Invocations
 + Level 6.1 Evocations
 + Level 5.6 Shapeshifting


You had 16 spell levels left.
You knew the following spells:

 Your Spells              Type           Power      Damage    Failure   Level
a - Blink                 Tloc           44%        N/A       1%          2
b - Maxwell's Portable P  Tloc           22%        2d(7-20)  1%          3
c - Ensorcelled Hibernat  Hex/Ice        32%        N/A       1%          2
d - Fugue of the Fallen   Necr           16%        N/A       3%          3

Your spell library contained the following spells:

 Spells                   Type           Power      Damage    Failure   Level
 Lesser Beckoning         Tloc           44%        N/A       1%          2
 Teleport Other           Tloc           22%        N/A       1%          3
 Vhi's Electric Charge    Tloc/Air       38%        N/A       7%          4
 Anguish                  Hex/Necr       8%         N/A       12%         4


Dungeon Overview and Level Annotations

Branches:
Dungeon (8/15)             Temple (1/1) D:5          Bailey (visited)
   Lair: D:8-11

Altars:
Ashenzari
Cheibriados
Elyvilon
Fedhas
Gozag
Hepliaklqana
Kikubaaqudgha
Makhleb
Nemelex Xobeh
Okawaru
Qazlal
Ru
Trog
Uskayaw
Vehumet
Wu Jian
Yredelemnul
Zin

Shops:
D:3 :   D:7 (

Annotations:
D:4 1 runed translucent door, exclusion: statue, EvilEddieB's ghost, novice DsNe


Innate Abilities, Weirdness & Mutations

You are a tree.
Your roots penetrate the ground, keeping you stationary.
You cannot be teleported.
You are immune to unholy pain and torment.
Your maximum health is greatly increased.
Your equipment is partially melded.
((You have very sharp teeth.))
Your uncanny sense of smell can sniff out nearby items.
Your experience applies equally to all skills.
Your spells are a little easier to cast, but a little less powerful.


Message History

The merfolk misses you. The gnoll barely misses you.
You hit the gnoll.
The gnoll is heavily wounded.
The merfolk misses you.
You barely miss the gnoll. You bite the gnoll, but do no damage.
The gnoll is heavily wounded.
The gnoll barely misses you.
You closely miss the gnoll.
The gnoll is heavily wounded.
The merfolk barely misses you. The gnoll hits you but does no damage.
You hit the gnoll.
The gnoll looks as sick as possible!
The gnoll is almost dead.
You kill the gnoll!
Okawaru accepts your kill. The merfolk hits you with a +0 trident!
* * * LOW HITPOINT WARNING * * *
You turn into a tree.
The +0 cloak "Poeplal" {rPois Str+2 Stlth-} melds into your body.
Your +0 pair of gloves melds into your body.
Your +0 pair of boots melds into your body.
Your +2 scale mail of willpower melds into your body.
You feel less strong-willed.
Your roots penetrate the ground.
The merfolk hits you but does no damage.
You hit the merfolk.
The merfolk is poisoned.
The merfolk is lightly wounded.
The merfolk hits you but does no damage.
You hit the merfolk.
The merfolk looks as sick as possible!
The merfolk is lightly wounded.
You hit the merfolk.
The merfolk looks as sick as possible!
The merfolk is lightly wounded.
The merfolk hits you but does no damage.
You hit the merfolk.
The merfolk looks as sick as possible!
The merfolk is moderately wounded.
The merfolk hits you but does no damage.
You hit the merfolk.
The merfolk looks as sick as possible!
The merfolk is moderately wounded.
You hit the merfolk but do no damage.
The merfolk is moderately wounded.
The merfolk hits you with a +0 trident!!
You die...

# # # ######## #
#......# #
#......# #
##......#
##########......)#
.........'.....)♣#
##########...###m#
# #...# #.# #
#...# #.# # #...#
#.# # #...# #.#
#### #...# #.#
...# #...# #.#
...# #...# #.#


You could see a merfolk (extremely poisoned).

Vanquished Creatures
  An orc knight (Bailey)
  Maurice (D:8)
  Prince Ribbit (D:5)
  Sigmund (D:5)
  7 yaks (D:8)
  2 wyverns
  Grum (D:8)
  Menkaure (D:4)
  A steam dragon (D:4)
  2 water moccasins
  Duvessa (D:5)
  A sky beast (D:7)
  2 ice beasts (D:6)
  3 ogres
  5 orc warriors
  2 black bears (D:5)
  4 centaurs
  3 wolves
  2 phantoms
  3 kobold brigands
  2 bullfrogs (D:7)
  3 gnoll sergeants
  4 scorpions
  5 wights
  Dowan (D:5)
  2 howler monkeys
  3 bombardier beetles
  3 hounds
  4 jellies
  An orc priest (D:6)
  A gnoll bouda (D:7)
  2 iguanas
  An orc wizard (D:5)
  17 gnolls
  3 adders
  2 shadow imps
  A white imp (D:6)
  2 ufetubi (D:6)
  A dart slug (D:3)
  34 orcs
  5 endoplasms
  3 giant cockroaches
  5 hobgoblins
  3 quokkas
  6 ball pythons
  3 frilled lizards
  7 goblins
  4 kobolds (D:1)
  4 rats (D:1)
176 creatures vanquished.

Vanquished Creatures (others)
  A hobgoblin (D:4)
  A ball python (D:4)
2 creatures vanquished.

Grand Total: 178 creatures vanquished

Notes
Turn   | Place    | Note
-------+----------+-------------------------------------------
     0 | D:1      | Rohain the Gnoll Warper began the quest for the Orb.
     0 | D:1      | Reached XP level 1. HP: 20/20 MP: 6/6
   303 | D:1      | Reached XP level 2. HP: 26/26 MP: 7/7
   738 | D:2      | You fall into a shaft and drop 1 floor!
   768 | D:3      | Reached skill level 5 in Spellcasting
   768 | D:3      | Reached XP level 3. HP: 31/31 MP: 7/9
   778 | D:3      | Reached skill level 1 in Invocations
   819 | D:3      | Learned a level 2 spell: Blink
   882 | D:3      | Found a snail-covered altar of Cheibriados.
   891 | D:3      | Reached skill level 1 in Short Blades
   891 | D:3      | Reached skill level 1 in Axes
   891 | D:3      | Reached skill level 1 in Maces & Flails
   891 | D:3      | Reached skill level 1 in Polearms
   891 | D:3      | Reached skill level 1 in Staves
   891 | D:3      | Reached skill level 1 in Ranged Weapons
   891 | D:3      | Reached skill level 1 in Stealth
   891 | D:3      | Reached skill level 1 in Shields
   891 | D:3      | Reached skill level 1 in Unarmed Combat
   891 | D:3      | Reached skill level 1 in Evocations
   891 | D:3      | Reached skill level 1 in Shapeshifting
   891 | D:3      | Reached XP level 4. HP: 38/38 MP: 11/11
  1005 | D:3      | Reached skill level 1 in Conjurations
  1005 | D:3      | Reached skill level 1 in Hexes
  1005 | D:3      | Reached skill level 1 in Summonings
  1005 | D:3      | Reached skill level 1 in Necromancy
  1005 | D:3      | Reached skill level 1 in Fire Magic
  1005 | D:3      | Reached skill level 1 in Ice Magic
  1005 | D:3      | Reached skill level 1 in Air Magic
  1005 | D:3      | Reached skill level 1 in Earth Magic
  1005 | D:3      | Reached skill level 1 in Alchemy
  1026 | D:3      | Found Hyapp's Book Shop.
  1026 | D:3      | Noticed an ogre
  1143 | D:4      | Reached XP level 5. HP: 43/43 MP: 12/12
  1150 | D:4      | Noticed Menkaure
  1178 | D:4      | Killed Menkaure
  1179 | D:4      | Reached XP level 6. HP: 29/50 MP: 1/14
  1364 | D:4      | Reached skill level 5 in Fighting
  1364 | D:4      | Reached skill level 5 in Long Blades
  1364 | D:4      | Reached skill level 5 in Dodging
  1365 | D:4      | Noticed a steam dragon
  1380 | D:4      | Learned a level 3 spell: Maxwell's Portable Piledriver
  1501 | D:4      | Killed a steam dragon
  1502 | D:4      | Reached XP level 7. HP: 39/56 MP: 9/15
  2156 | D:4      | Found a radiant altar of Vehumet.
  2195 | D:4      | Found a runed translucent door.
  2195 | D:4      | Noticed EvilEddieB's ghost (novice DsNe)
  2527 | D:5      | Entered Level 5 of the Dungeon
  2615 | D:5      | Gained mutation: Your spells are a little easier to cast,
                  | but a little less powerful. [potion of mutation]
  2818 | D:5      | Noticed Sigmund
  2836 | D:5      | Killed Sigmund
  2837 | D:5      | Reached XP level 8. HP: 54/63 MP: 14/16
  2841 | D:5      | Learned a level 2 spell: Ensorcelled Hibernation
  2845 | D:5      | Learned a level 3 spell: Fugue of the Fallen
  2903 | D:5      | Reached skill level 6 in Spellcasting
  3127 | D:5      | Found a staircase to the Ecumenical Temple.
  3210 | Temple   | Entered the Ecumenical Temple
  3242 | Temple   | Became a worshipper of Warmaster Okawaru
  3295 | D:5      | Noticed Dowan
  3301 | D:5      | Noticed Duvessa
  3335 | D:5      | Killed Duvessa
  3366 | D:5      | Killed Dowan
  3531 | D:5      | Noticed Prince Ribbit
  3550 | D:5      | Killed Prince Ribbit
  3792 | D:5      | Reached * piety under Okawaru
  3803 | D:5      | Reached XP level 9. HP: 60/69 MP: 16/18
  3924 | D:5      | Reached skill level 5 in Throwing
  3924 | D:5      | Reached skill level 5 in Armour
  3948 | D:5      | Reached ** piety under Okawaru
  4473 | D:6      | Reached skill level 5 in Invocations
  5022 | D:6      | Found an opulent altar of Gozag.
  5076 | D:6      | Reached skill level 7 in Spellcasting
  5637 | D:7      | Found Sagut's Weapon Shop.
  5701 | D:7      | Reached skill level 5 in Short Blades
  5701 | D:7      | Reached skill level 5 in Axes
  5701 | D:7      | Reached skill level 5 in Maces & Flails
  5701 | D:7      | Reached skill level 5 in Polearms
  5701 | D:7      | Reached skill level 5 in Staves
  5701 | D:7      | Reached skill level 5 in Ranged Weapons
  5701 | D:7      | Reached skill level 5 in Stealth
  5701 | D:7      | Reached skill level 5 in Shields
  5701 | D:7      | Reached skill level 5 in Unarmed Combat
  5701 | D:7      | Reached skill level 5 in Evocations
  5701 | D:7      | Reached XP level 10. HP: 77/77 MP: 16/20
  5935 | D:7      | Reached *** piety under Okawaru
  6730 | D:8      | Noticed Grum
  6956 | D:8      | Reached skill level 5 in Shapeshifting
  6992 | D:8      | Found a flagged portal.
  7005 | Bailey   | Entered a bailey
  7456 | Bailey   | Identified the +0 cloak "Poeplal" {rPois Str+2 Stlth-}
  7469 | Bailey   | Identified the +0 plate armour "Kewkil" {rF+ Regen+}
  7499 | Bailey   | Noticed an orc knight
  7561 | Bailey   | Killed an orc knight
  7561 | Bailey   | Reached **** piety under Okawaru
  7878 | D:8      | Noticed Maurice
  7884 | D:8      | Maurice stole a +6 ring of dexterity
  7891 | D:8      | Maurice stole 11 poisoned darts
  7892 | D:8      | Maurice stole a +0 heavy orcbow
  7895 | D:8      | Something stole 561 gold
  7900 | D:8      | Killed Maurice
  8114 | D:8      | Killed Grum
  8115 | D:8      | Reached skill level 5 in Conjurations
  8115 | D:8      | Reached skill level 5 in Hexes
  8115 | D:8      | Reached skill level 5 in Summonings
  8115 | D:8      | Reached skill level 5 in Necromancy
  8115 | D:8      | Reached skill level 5 in Fire Magic
  8115 | D:8      | Reached skill level 5 in Ice Magic
  8115 | D:8      | Reached skill level 5 in Air Magic
  8115 | D:8      | Reached skill level 5 in Earth Magic
  8115 | D:8      | Reached skill level 5 in Alchemy
  8115 | D:8      | Reached XP level 11. HP: 9/85 MP: 2/22
  8412 | D:8      | Reached skill level 8 in Spellcasting
  8634 | D:7      | Mangled by a merfolk

Illustrated notes

Levels and vault maps discovered:
D:1:      psy_arrival_whirlpool, layout_basic
D:2:      layout_basic, minivault_25, chequers_serial_rivers_micro_b
D:3:      layout_rooms, slow_altar_2, serial_shops, nicolae_book_shop_shelving
D:4:      layout_basic, vehumet_statue, ebering_ghost_sewer_d, uniq_menkaure
D:5:      minmay_chambers_of_threes, layout_loops_ring,
          minmay_temple_entry_large_hall, uniq_sigmund, uniq_duvessa,
          uniq_prince_ribbit1
D:6:      layout_loops_corners, nicolae_gozag_seed_capital,
          kb_lookout_dungeons_type
D:7:      layout_basic, serial_shops, shop
D:8:      layout_layer_cave, grunt_dithmenos_shadows, enter_bailey_3,
          serial_library_regret_index_branch_corner, roadster_trireme,
          uniq_grum, uniq_psyche, uniq_maurice
Temple:   regret_index_temple_waves

Skill      XL: |  1  2  3  4  5  6  7  8  9 10 11 |
---------------+----------------------------------+-----
Spellcasting   | 5 6 7 8 |  8.0
Invocations    | 1 2 3 4 5 6 |  6.7
Short Blades   | 1 2 3 5 6 |  6.1
Axes           | 1 2 3 5 6 |  6.1
Maces & Flails | 1 2 3 5 6 |  6.1
Polearms       | 1 2 3 5 6 |  6.1
Staves         | 1 2 3 5 6 |  6.1
Ranged Weapons | 1 2 3 5 6 |  6.1
Stealth        | 1 2 3 5 6 |  6.1
Shields        | 1 2 3 5 6 |  6.1
Unarmed Combat | 1 2 3 5 6 |  6.1
Evocations     | 1 2 3 5 6 |  6.1
Shapeshifting  | 1 2 3 4 5 |  5.6
Conjurations   | 1 2 3 4 5 |  5.1
Hexes          | 1 2 3 4 5 |  5.1
Summonings     | 1 2 3 4 5 |  5.1
Necromancy     | 1 2 3 4 5 |  5.1
Fire Magic     | 1 2 3 4 5 |  5.1
Ice Magic      | 1 2 3 4 5 |  5.1
Air Magic      | 1 2 3 4 5 |  5.1
Earth Magic    | 1 2 3 4 5 |  5.1
Alchemy        | 1 2 3 4 5 |  5.1
Throwing       | 3 4 5 6 |  6.7
Armour         | 3 4 5 6 |  6.7
Fighting       | 5 6 7 |  7.7
Long Blades    | 5 6 7 |  7.7
Dodging        | 5 6 7 |  7.7
Translocations | 6 7 |  7.5

Action                     |  1- 3 |  4- 6 |  7- 9 | 10-12 || total
---------------------------+-------+-------+-------+-------++-------
  Melee: Dagger            |    68 |    54 |   402 |   444 ||   968
         Falchion          |     6 |       |     7 |       ||    13
         Bite              |     4 |     5 |    53 |    68 ||   130
   Fire: Orcbow            |       |       |     3 |     2 ||     5
  Throw: Dart              |       |       |       |     2 ||     2
         Throwing net      |       |       |       |     1 ||     1
   Cast: Blink             |       |     4 |     1 |     3 ||     8
         Maxwell's Portabl |       |     3 |    17 |     2 ||    22
         Ensorcelled Hiber |       |       |     7 |     5 ||    12
         Fugue of the Fall |       |       |     3 |     9 ||    12
  Evoke: Wand              |       |       |       |     1 ||     1
    Use: Scroll            |     1 |     3 |       |     7 ||    11
         Potion            |       |     3 |     2 |     3 ||     8
   Stab: Sleeping          |     1 |       |     6 |     4 ||    11
         Held in net/web   |       |       |       |     1 ||     1
 Armour: Leather armour    |    31 |    24 |       |       ||    55
         Skin              |       |     8 |       |     5 ||    13
         Steam dragon scal |       |       |   244 |   115 ||   359
         Scale mail        |       |       |       |   119 ||   119
  Dodge: Dodged            |    40 |    32 |   302 |   461 ||   835

Table legend: (Time is in decaauts)
 A = Elapsed time spent in this place.
 B = Non-inter-level travel time spent in this place.
 C = Inter-level travel time spent in this place.
 D = Time resting spent in this place.
 E = Time spent auto-exploring this place.
 F = Levels seen in this place.
 G = Mean time per level.
                   A        B        C        D        E       F      G
               +--------+--------+--------+--------+--------+-----+--------+
         Total |   8453 |   8175 |    278 |   1373 |   4506 |  10 |  845.3 |
       Dungeon |   7549 |   7287 |    262 |    995 |   4299 |   8 |  943.6 |
        Temple |     50 |     35 |     15 |      0 |      0 |   1 |   50.0 |
        Bailey |    852 |    852 |      0 |    377 |    206 |   1 |  852.0 |
               +--------+--------+--------+--------+--------+-----+--------+

Top non-repeatable levels by time:
     D:4: 1561 daAuts
     D:6: 1475 daAuts
     D:5: 1449 daAuts
     D:7: 1158 daAuts
  Bailey: 852 daAuts
     D:8: 811 daAuts
     D:1: 701 daAuts
     D:3: 353 daAuts
  Temple: 50 daAuts
     D:2: 37 daAuts
